 Dungeon Crawl Stone Soup version 0.26.0-10-g1f06aea511 (webtiles) character file.

Game seed: 17622763222150916707

492 Borgoz the Skirmisher (level 7, -1/60 HPs)
             Began as a Ghoul Gladiator on Jan 15, 2021.
             Was an Initiate of Ashenzari.
             Slain by a hound (2 damage)
             ... on level 5 of the Dungeon.
             The game lasted 00:09:13 (3849 turns).

Borgoz the Skirmisher (Ghoul Gladiator)             Turns: 3849, Time: 00:09:14

Health: -1/60      AC:  5    Str: 18    XL:     7   Next: 14%
Magic:  6/6        EV: 17    Int:  3    God:    Ashenzari [......]
Gold:   214        SH:  5    Dex: 12    Spells: 6/6 levels left

rFire    . . .     SeeInvis .   a - +0 long sword
rCold    + . .     Faith    .   (no shield)
rNeg     + + +     Spirit   .   b - +0 leather armour
rPois    ∞         Reflect  +   c - +0 helmet
rElec    .         Harm     .   (no cloak)
rCorr    .         Rampage  .   g - +0 pair of gloves
Will     .....                  (no boots)
Stlth    +.........             o - amulet of reflection
HPRegen  0.00/turn              v - +4 ring of evasion
MPRegen  0.10/turn              (no ring)

@: no status effects
A: claws 1, cold resistance 1, negative energy resistance 3, inhibited
regeneration, torment resistance, unbreathing
a: Renounce Religion, Curse Item


You were on level 5 of the Dungeon.
You worshipped Ashenzari.
Ashenzari was noncommittal.
You visited 1 branch of the dungeon, and saw 5 of its levels.

You collected 214 gold pieces.

Inventory:

Hand Weapons
 a - a +0 long sword (weapon)
Armour
 b - a +0 leather armour (worn)
 c - a +0 helmet (worn)
 g - a +0 pair of gloves (worn)
Jewellery
 f - an uncursed ring of ice
 o - an amulet of reflection (around neck)
 v - a +4 ring of evasion (left hand)
Scrolls
 e - 2 scrolls of fear
 i - 5 scrolls of magic mapping {unknown}
 j - a scroll of random uselessness {unknown}
 k - a scroll of enchant armour
 l - 5 scrolls of teleportation
 m - a scroll of fog {unknown}
 q - a scroll of identify
 r - 2 scrolls of remove curse
 s - a scroll of enchant weapon {unknown}
 t - a scroll of amnesia {unknown}
Potions
 n - 2 potions of cancellation
 u - a potion of berserk rage {unknown}


   Skills:
 + Level 4.4 Fighting
 + Level 4.2 Long Blades
 + Level 3.7 Throwing
 + Level 4.2 Dodging


You had 6 spell levels left.
You didn't know any spells.
Your spell library was empty.

Dungeon Overview and Level Annotations

Branches:
Dungeon (5/15)
 Temple: D:4-7

Altars:
Ashenzari
Cheibriados
Elyvilon
Makhleb
Ru
Vehumet
Xom


Innate Abilities, Weirdness & Mutations

You thrive by killing the living.
You are immune to poison.
You have sharp fingernails.
Your flesh is cold resistant. (rC+)
You are immune to negative energy. (rN+++)
You do not regenerate when monsters are visible.
You are immune to unholy pain and torment.
You can survive without breathing.


Message History

You hit the hound but do no damage. The hound misses you.
You riposte.
You closely miss the hound. The hound barely misses you.
You miss the hound. You block the hound's attack.
You miss the hound. The hound closely misses you. You block the hound's attack.
You hit the hound.
The hound is moderately wounded.
The hound closely misses you. The hound misses you.
You barely miss the hound.
The hound is moderately wounded.
You block the hound's attack. The hound bites you.
* * * LOW HITPOINT WARNING * * *
You hit the hound.
The hound is heavily wounded.
The hound bites you.
* * * LOW HITPOINT WARNING * * *
The hound closely misses you.
You hit the hound.
The hound is severely wounded.
The hound bites you.
You die...

## .. .#
.# .# .#
#$######h#
#(...<)@.#
########.#
... ####


You could see a hound.

Vanquished Creatures
  A water moccasin (D:4)
  An orc warrior (D:5)
  A scorpion (D:3)
  A hound (D:4)
  3 worker ants (D:4)
  Robin (D:3)
  An adder (D:4)
  An ooze (D:1)
  4 worms
  2 dart slugs
  5 leopard geckos
  2 orcs
  6 bats
  3 giant cockroaches
  11 hobgoblins
  7 jackals
  2 ball pythons (D:1)
  4 frilled lizards
  27 goblins
  A jackal skeleton (D:4)
  7 kobolds
  5 rats
96 creatures vanquished.

Notes
Turn   | Place    | Note
-------+----------+-------------------------------------------
     0 | D:1      | Borgoz the Ghoul Gladiator began the quest for the Orb.
     0 | D:1      | Reached XP level 1. HP: 17/17 MP: 0/0
   356 | D:1      | Reached XP level 2. HP: 19/25 MP: 1/1
   599 | D:1      | Reached XP level 3. HP: 27/30 MP: 2/2
  1380 | D:2      | Reached XP level 4. HP: 34/37 MP: 3/3
  1492 | D:2      | Found a shimmering altar of Xom.
  1493 | D:2      | Found a sacrificial altar of Ru.
  1494 | D:2      | Found a radiant altar of Vehumet.
  1507 | D:2      | Found a burning altar of Makhleb.
  1530 | D:2      | HP: 1/38 [worm (5)]
  2140 | D:3      | Found a broken altar of Ashenzari.
  2146 | D:3      | Found a snail-covered altar of Cheibriados.
  2153 | D:3      | Became a worshipper of Ashenzari the Shackled
  2296 | D:3      | Reached XP level 5. HP: 44/45 MP: 4/4
  2325 | D:3      | Found a broken altar of Ashenzari.
  2586 | D:3      | Noticed Robin
  2622 | D:3      | Killed Robin
  3337 | D:4      | Reached XP level 6. HP: 36/52 MP: 5/5
  3438 | D:4      | Found a white marble altar of Elyvilon.
  3614 | D:4      | Noticed a water moccasin
  3622 | D:4      | Killed a water moccasin
  3771 | D:4      | Noticed an orc warrior
  3824 | D:5      | Entered Level 5 of the Dungeon
  3842 | D:5      | Killed an orc warrior
  3843 | D:5      | Reached XP level 7. HP: 7/60 MP: 6/6
  3847 | D:5      | HP: 3/60 [hound (4)]
  3848 | D:5      | HP: 1/60 [hound (2)]
  3849 | D:5      | Slain by a hound

Illustrated notes

Levels and vault maps discovered:
D:1:      minmay_arrival_four_houses, layout_basic, minmay_unequal
D:2:      layout_rooms, general_overflow_altar,
          chequers_temple_overflow_statue_of_worship, minmay_heptomino_h4
D:3:      kennysheep_goblin_castle, layout_basic, overflow_temple_1_default,
          lemuel_doored_altar, nicolae_ashenzari_panopticon
D:4:      cheibrodos_pilgrimage, layout_loops_cross,
          minmay_temple_entry_statues_pillars, elyvilon_altar_3
D:5:      layout_loops_ring, nicolae_qazlal_eye_of_the_storm, uniq_menkaure

Skill      XL: |  1  2  3  4  5  6 |
---------------+-------------------+-----
Throwing       | 2 3 |  3.7
Long Blades    | 3 4 |  4.2
Dodging        | 3 4 |  4.2
Fighting       | 3 4 |  4.4

Action                   |  1- 3 |  4- 6 |  7- 9 || total
-------------------------+-------+-------+-------++-------
Melee: Long sword        |   120 |   201 |     7 ||   328
Throw: Throwing net      |       |     4 |       ||     4
  Use: Potion            |     1 |     4 |       ||     5
       Scroll            |       |     5 |       ||     5
 Stab: Held in net/web   |       |     2 |       ||     2
Armor: Leather armour    |    49 |    58 |       ||   107
Dodge: Dodged            |    89 |   174 |     6 ||   269
Block: Other             |       |    51 |     3 ||    54
       Reflection        |       |     4 |       ||     4
       Rpst.: Long sword |    25 |    59 |     1 ||    85
